 Dungeon Crawl Stone Soup version 0.27-a0-170-g607d9e9d85 (webtiles) character file.

Game seed: 1960611052431274174

137 knot the Chopper (level 5, 35/41 HPs)
             Began as a Demonspawn Berserker on Jan 29, 2021.
             Was a Believer of Trog.
             Quit the game on level 3 of the Dungeon.
             The game lasted 00:02:14 (2454 turns).

knot the Chopper (Demonspawn Berserker)             Turns: 2454, Time: 00:02:15

Health: 35/41      AC:  9    Str: 18    XL:     5   Next: 0%
Magic:  5/5        EV: 10    Int:  9    God:    Trog [**....]
Gold:   112        SH:  0    Dex: 12    Spells: 4/4 levels left

rFire    . . .     SeeInvis .   a - +0 hand axe
rCold    . . .     Faith    .   (no shield)
rNeg     . . .     Spirit   .   g - +0 scale mail
rPois    .         Reflect  .   (helmet restricted)
rElec    .         Harm     .   d - +0 cloak
rCorr    .         Rampage  .   e - +1 pair of gloves
Will     .....                  (no boots)
Stlth    ..........             (no amulet)
HPRegen  0.13/turn              (no ring)
MPRegen  0.09/turn              (no ring)

@: no status effects
A: horns 2, powered by pain 1
a: Renounce Religion, Berserk, Trog's Hand


You were on level 3 of the Dungeon.
You worshipped Trog.
Trog was pleased with you.
You visited 1 branch of the dungeon, and saw 3 of its levels.

You collected 112 gold pieces.

Inventory:

Hand Weapons
 a - a +0 hand axe (weapon)
Missiles
 f - 54 stones
 k - 46 sling bullets
 l - 5 boomerangs
Armour
 d - a +0 cloak (worn)
 e - a +1 pair of gloves (worn)
 g - a +0 scale mail (worn)
Scrolls
 b - a scroll of identify {unknown}
 c - a scroll of teleportation {unknown}
 h - a scroll of amnesia {unknown}
Potions
 i - a potion of resistance {unknown}
 j - a potion of attraction {unknown}
 m - a potion of heal wounds {unknown}


   Skills:
 - Level 3.0 Fighting
 + Level 5.2 Axes
 - Level 1.7 Armour
 - Level 1.7 Dodging


You had 4 spell levels left.
You didn't know any spells.
Your spell library was empty.

Dungeon Overview and Level Annotations

Branches:
Dungeon (3/15)

Altars:
Nemelex Xobeh


Innate Abilities, Weirdness & Mutations

You have a pair of horns on your head.
You sometimes gain a little power by taking damage.


Message History

Things that are here:
a frilled lizard corpse; a quokka corpse An adder comes into view.
The adder hisses angrily.
You slash the adder!
The adder is severely wounded.
The adder bites you.
You miss the adder.
The adder is severely wounded.
The adder bites you but does no damage. The adder bites you.
You barely miss the adder.
The adder is severely wounded.
The adder bites you but does no damage.
You hit the adder.
You kill the adder!
Trog accepts your kill.
You have reached level 5!
Your demonic ancestry asserts itself...
You feel energised by your suffering.
Are you sure you want to abandon this character and quit the game? (Confirm with "yes".)

#...# #.####.#..
#...###......##.
#...#........##.
#######...#........##.
...................'..
####.......#........##.
..........##........##.
#####......##........##.
......†@...##........##.
....#......##........##.
. #......#############
........# ########.# #.#
# +# . #


There were no monsters in sight!

Vanquished Creatures
  A gnoll (D:1)
  4 adders
  An ooze (D:1)
  A worm (D:2)
  2 dart slugs (D:1)
  6 leopard geckos
  A ball python (D:2)
  13 bats
  7 giant cockroaches
  2 goblins (D:2)
  9 hobgoblins
  7 jackals (D:1)
  2 quokkas
  7 frilled lizards
  2 kobolds (D:2)
  7 rats
72 creatures vanquished.

Notes
Turn   | Place    | Note
-------+----------+-------------------------------------------
     0 | D:1      | knot the Demonspawn Berserker began the quest for the Orb.
     0 | D:1      | Reached XP level 1. HP: 18/18 MP: 1/1
    31 | D:1      | Reached skill level 3 in Axes
   313 | D:1      | Found a sparkling altar of Nemelex Xobeh.
   324 | D:1      | Gained mutation: You have a pair of small horns on your
                  | head. [demonic ancestry]
   324 | D:1      | Reached XP level 2. HP: 14/24 MP: 2/2
   948 | D:1      | Reached XP level 3. HP: 29/29 MP: 3/3
   950 | D:1      | Reached ** piety under Trog
   951 | D:1      | Reached skill level 4 in Axes
  1440 | D:2      | Gained mutation: You have a pair of horns on your head.
                  | [demonic ancestry]
  1440 | D:2      | Reached XP level 4. HP: 35/35 MP: 4/4
  2103 | D:3      | Reached skill level 5 in Axes
  2454 | D:3      | Gained mutation: You sometimes gain a little power by
                  | taking damage. [demonic ancestry]
  2454 | D:3      | Reached XP level 5. HP: 35/41 MP: 5/5
  2454 | D:3      | Quit the game

Illustrated notes

Levels and vault maps discovered:
D:1:      lightli_arrival_maybe_door_vault, layout_rooms,
          corexii_item_surrounded_by_moat, nemelex_xobeh_ov_fountains_minmay
D:2:      layout_rooms
D:3:      layout_basic, lemuel_another_geyser

Skill      XL: |  1  2  3  4 |
---------------+-------------+-----
Axes           | 3 4 5 |  5.2
Fighting       | |  3.0
Armour         | |  1.7
Dodging        | |  1.7

Action                   |  1- 3 |  4- 6 || total
-------------------------+-------+-------++-------
Melee: Hand axe          |    98 |   101 ||   199
       Headbutt          |     5 |     5 ||    10
Invok: Berserk           |     5 |       ||     5
Armor: Animal skin       |    36 |       ||    36
       Scale mail        |    12 |    49 ||    61
Dodge: Dodged            |    77 |    71 ||   148

Table legend: (Time is in decaauts)
 A = Elapsed time spent in this place.
 B = Non-inter-level travel time spent in this place.
 C = Inter-level travel time spent in this place.
 D = Time resting spent in this place.
 E = Time spent auto-exploring this place.
 F = Levels seen in this place.
 G = Mean time per level.
                   A        B        C        D        E       F      G
               +--------+--------+--------+--------+--------+-----+--------+
         Total |   2522 |   2497 |     25 |    895 |   1180 |   3 |  840.7 |
       Dungeon |   2522 |   2497 |     25 |    895 |   1180 |   3 |  840.7 |
               +--------+--------+--------+--------+--------+-----+--------+

Top non-repeatable levels by time:
     D:1: 1528 daAuts
     D:2: 508 daAuts
     D:3: 485 daAuts
